 Dungeon Crawl Stone Soup version 0.29.0-4-gdea44cf6ec (webtiles) character file.

Game seed: 10613792524035543534

823 qw the Cleaver (level 7, -1/41 HPs)
             Began as a Tengu Warper on Aug 28, 2022.
             Slain by an orc priest
             ... wielding a +0 short sword
              (3 damage)
             ... on level 4 of the Dungeon.
             The game lasted 00:00:25 (3940 turns).

qw the Cleaver (Tengu Warper)                       Turns: 3940, Time: 00:00:26

Health: -1/41      AC:  8    Str: 13    XL:     7   Next: 96%
Magic:  11/11      EV: 11    Int:  9    God:
Gold:   229        SH:  0    Dex: 13    Spells: 10/10 levels left

rFire   + . .      SeeInvis .   Y - +1 hand axe
rCold   . . .      Faith    .   (no shield)
rNeg    . . .      Spirit   .   l - +0 scale mail
rPois   +          Reflect  .   (helmet restricted)
rElec   .          Harm     .   (no cloak)
rCorr   .          Rampage  .   (no gloves)
Will    +++..                   (boots unavailable)
Stlth   ..........              (no amulet)
HPRegen 0.00/turn               g - ring of poison resistance
MPRegen 0.12/turn               f - ring of the Enemy {+Blink rF+ Will+++ Int-5 Slay+5}

@: about to teleport, flying quickly and evasively, inhibited regen, quick
A: beak, talons 3, nimble flight, iridescent scales 1, screaming 1, inhibited
regeneration
a: Evoke Blink


You were on level 4 of the Dungeon.
You visited 1 branch of the dungeon, and saw 4 of its levels.

You collected 229 gold pieces.


Innate Abilities, Weirdness & Mutations

You have a beak for a mouth.
You have claws for feet.
Your magical nature lets you fly swiftly and evasively.
You are partially covered in iridescent scales. (AC +2)
You occasionally shout uncontrollably at your foes.
You do not regenerate when monsters are visible.


   Skills:
 + Level 3.0 Fighting
 - Level 9.0 Axes
 - Level 1.0 Throwing
 - Level 2.7 Armour
 - Level 2.1 Dodging
 - Level 2.0 Spellcasting
 - Level 2.4 Translocations


You had 10 spell levels left.
You didn't know any spells.
Your spell library contained the following spells:

 Spells                   Type           Power      Damage    Failure   Level
 Blink                    Tloc           10%        N/A       65%         2
 Gell's Gravitas          Tloc           5%         N/A       86%         3
 Lesser Beckoning         Tloc           5%         N/A       86%         3
 Teleport Other           Tloc           5%         N/A       86%         3
 Manifold Assault         Tloc           5%         N/A       100%        5

Inventory:

Hand Weapons
 i - a +0 flail
 Y - a +1 hand axe (weapon)
Armour
 l - a +0 scale mail (worn)
Jewellery
 f - the ring of the Enemy (right hand) {+Blink rF+ Will+++ Int-5 Slay+5}
   (You acquired it on level 3 of the Dungeon)

   [ring of protection from fire]

   Int:       It affects your intelligence (-5).
   Slay:      It affects your accuracy & damage with ranged weapons and melee
   (+5).
   rF:        It protects you from fire.
   +Blink:    It lets you blink.
   Will:      It greatly increases your willpower.
 g - a ring of poison resistance (left hand)
Scrolls
 a - 2 scrolls of identify
Potions
 b - a potion of cancellation
 c - a potion of curing
 d - a potion of resistance
 e - a potion of lignification {unknown}
 k - a potion of might {unknown}

Dungeon Overview and Level Annotations

Branches:
Dungeon (4/15)
 Temple: D:4-7

Altars:
Hepliaklqana

Shops:
D:1 :

Annotations:
D:3 1 runed translucent door, Crazy Yiuf


Message History

You hit the ogre. You claw the ogre.
You kill the ogre!
Your Armour skill increases to level 2!
The dart slug launches a dart at you. The slug dart hits you.
Items here: %%% ))) [.
You slash the dart slug! You claw the dart slug.
You kill the dart slug!
An orc comes into view. It is wielding a +0 club.
Found a stone staircase leading up.
The orc shouts!
Enter note: You closely miss the orc priest.
Your kick misses the orc priest. The orc priest closely misses you.
You hit the orc priest. Your kick misses the orc priest.
The orc priest is moderately wounded.
The orc priest hits you with a +0 short sword.
You hit the orc priest but do no damage.
The orc priest is moderately wounded.
You hit the orc priest.
The orc priest is moderately wounded.
You closely miss the orc.
The orc priest hits you but does no damage.
The orc misses you.
You hit the orc priest.
The orc priest is severely wounded.
You closely miss the orc.
The orc priest invokes the aid of Beogh against you.
Beogh smites you! The orc hits you but does no damage.
You hit the orc priest.
The orc priest is almost dead.
You hit the orc.
The orc priest calls down the wrath of Beogh upon you.
Beogh smites you! The orc hits you with a +0 club.
3940 ||| READING scroll of teleportation.
As you read the scroll of teleportation, it crumbles to dust.
You feel strangely unstable. The orc hits you with a +0 club.
The orc priest hits you with a +0 short sword.
You die...

#...........###
## ###.##(...###
#.
##....#..#######.
#....##......(...
#.##.##..#######.
#.##..[..# ##
#)##....##
###)###..## #o@%#
#.## #o#####.#
... #..# <....
###.### #....[.
#.....# #..!...
#.....##########
#......
#...............
#......
#.....##########
#.....#


You could see an orc priest and an orc.

Vanquished Creatures
  Sigmund (D:2)
  A black bear (D:4)
  An ogre (D:4)
  A necrophage (D:3)
  A scorpion (D:4)
  A vampire bat (D:3)
  2 hounds (D:4)
  Terence (D:2)
  5 gnolls
  3 adders
  An ufetubus (D:4)
  2 worms
  3 dart slugs
  3 fire bats (D:3)
  3 orcs (D:4)
  2 spectral bats (D:3)
  12 bats
  3 bat skeletons (D:3)
  A bat zombie (D:3)
  4 endoplasms
  4 giant cockroaches
  6 goblins
  9 hobgoblins
  13 ball pythons
  A bat simulacrum (D:3)
  2 frilled lizards (D:1)
  7 kobolds
  5 rats
98 creatures vanquished.

Notes
Turn   | Place    | Note
-------+----------+-------------------------------------------
     0 | D:1      | qw the Tengu Warper began the quest for the Orb.
     0 | D:1      | Reached XP level 1. HP: 12/12 MP: 4/4
     0 | D:1      | 0 ||| qw: Version: 0.1-a-89-g26bdef1
     0 | D:1      | 0 ||| qw: Game counter: 1045
     0 | D:1      | 0 ||| qw: Always use a shield: true
     0 | D:1      | 0 ||| qw: God list: Okawaru
     0 | D:1      | 0 ||| qw: Allow faded altars: false
     0 | D:1      | 0 ||| qw: Do Orc after D:15 true
     0 | D:1      | 0 ||| qw: Do second Lair branch before Depths: true
     0 | D:1      | 0 ||| qw: Lair rune preference: random
     0 | D:1      | 0 ||| qw: Plans: Normal
     0 | D:1      | 0 ||| PLANNING D:1-11
   268 | D:1      | Reached skill level 3 in Axes
   268 | D:1      | Reached XP level 2. HP: 17/17 MP: 6/6
   322 | D:1      | Found Beash's Book Boutique.
   390 | D:1      | Reached XP level 3. HP: 11/21 MP: 7/7
   732 | D:1      | Reached skill level 4 in Axes
   893 | D:1      | 893 ||| UPGRADING to +0 ring mail.
   903 | D:1      | 903 ||| DROPPING +0 leather armour.
   904 | D:1      | 904 ||| UPGRADING to +0 scale mail.
   914 | D:1      | 914 ||| DROPPING +0 ring mail.
   915 | D:1      | 915 ||| READING 3 scrolls labelled NESESTRYETO.
   916 | D:1      | 916 ||| READING scroll labelled XIODYS MUCOERR.
   921 | D:1      | 921 ||| READING scroll labelled GUFOS KOEKH.
   922 | D:1      | 922 ||| READING scroll labelled HEUCKAFRUSKA.
   923 | D:1      | 923 ||| READING scroll labelled JIPLILLINTO.
   924 | D:1      | 924 ||| READING 2 scrolls of identify.
   924 | D:1      | 924 ||| IDENTIFYING sapphire potion
   925 | D:1      | 925 ||| DROPPING scroll of blinking.
   926 | D:1      | 926 ||| DROPPING potion of flight.
   992 | D:2      | 992 ||| Stepping ~*~*~tactically~*~*~ (stealth).
   993 | D:2      | 993 ||| Stepping ~*~*~tactically~*~*~ (stealth).
  1254 | D:2      | Reached XP level 4. HP: 9/26 MP: 8/8
  1642 | D:2      | 1642 ||| DROPPING +0 club.
  1667 | D:2      | Noticed Sigmund
  1678 | D:2      | Killed Sigmund
  1679 | D:2      | Reached skill level 6 in Axes
  1679 | D:2      | Gained mutation: Your magical nature lets you fly swiftly
                  | and evasively. [Tengu growth]
  1679 | D:2      | Reached XP level 5. HP: 24/30 MP: 9/9
  1803 | D:2      | Found a faded altar of an unknown god.
  2162 | D:2      | 2162 ||| READING scroll labelled ZIUDAR WINNIQ.
  2163 | D:2      | 2163 ||| DRINKING 2 dark potions.
  2164 | D:2      | 2164 ||| DRINKING 2 fizzy golden potions.
  2165 | D:2      | 2165 ||| READING 3 scrolls of identify.
  2165 | D:2      | 2165 ||| IDENTIFYING bubbling dark potion
  2166 | D:2      | 2166 ||| READING 2 scrolls of identify.
  2166 | D:2      | 2166 ||| IDENTIFYING bubbling blue potion
  2167 | D:2      | 2167 ||| DROPPING potion of brilliance.
  2168 | D:2      | 2168 ||| DROPPING potion of berserk rage.
  2169 | D:2      | 2169 ||| DROPPING potion of attraction.
  2192 | D:3      | Noticed Terence
  2193 | D:3      | 2193 ||| STAIRDANCE
  2255 | D:3      | 2255 ||| STAIRDANCE
  2268 | D:2      | Killed Terence
  2269 | D:2      | Reached XP level 6. HP: 25/35 MP: 10/10
  2387 | D:3      | 2387 ||| Stepping ~*~*~tactically~*~*~ (stealth).
  2538 | D:3      | 2538 ||| Stepping ~*~*~tactically~*~*~ (stealth).
  2539 | D:3      | 2539 ||| Stepping ~*~*~tactically~*~*~ (stealth).
  2726 | D:3      | Found a runed translucent door.
  2727 | D:3      | Noticed Crazy Yiuf
  2754 | D:3      | Reached skill level 7 in Axes
  3022 | D:3      | Reached skill level 3 in Fighting
  3231 | D:3      | Found a hazy altar of Hepliaklqana.
  3291 | D:3      | 3291 ||| UPGRADING to ring of poison resistance.
  3292 | D:3      | 3292 ||| DROPPING ring of wizardry.
  3293 | D:3      | 3293 ||| READING scroll labelled WUCHIVVIAD.
  3294 | D:3      | 3294 ||| READING scroll labelled MUQAOTUORE.
  3295 | D:3      | 3295 ||| READING scroll labelled LATIH RYMU.
  3296 | D:3      | 3296 ||| READING scroll labelled APHARO VUACS.
  3296 | D:3      | Identified a scroll of acquirement
  3296 | D:3      | 3296 ||| ACQUIRING ring of the Enemy {+Blink rF+ Will+++
                  | Int-5 Slay+5}
  3296 | D:3      | Acquired the ring of the Enemy {+Blink rF+ Will+++ Int-5
                  | Slay+5}
  3298 | D:3      | 3298 ||| UPGRADING to ring of the Enemy {+Blink rF+ Will+++
                  | Int-5 Slay+5}.
  3299 | D:3      | 3299 ||| DRINKING 2 sedimented sapphire potions.
  3299 | D:3      | Gained mutation: You passively map a small area around you.
                  | [potion of mutation]
  3299 | D:3      | Gained mutation: You do not regenerate when monsters are
                  | visible. [potion of mutation]
  3299 | D:3      | Gained mutation: Potions are less effective at restoring
                  | your health. [potion of mutation]
  3299 | D:3      | Gained mutation: You are partially covered in iridescent
                  | scales. (AC +2) [potion of mutation]
  3300 | D:3      | 3300 ||| DRINKING potion of mutation.
  3300 | D:3      | Lost mutation: You passively map a small area around you.
                  | [potion of mutation]
  3300 | D:3      | Lost mutation: You are partially covered in iridescent
                  | scales. (AC +2) [potion of mutation]
  3300 | D:3      | Lost mutation: Potions are less effective at restoring your
                  | health. [potion of mutation]
  3300 | D:3      | Gained mutation: You occasionally shout uncontrollably at
                  | your foes. [potion of mutation]
  3300 | D:3      | Gained mutation: You are partially covered in iridescent
                  | scales. (AC +2) [potion of mutation]
  3301 | D:3      | 3301 ||| READING 2 scrolls of identify.
  3301 | D:3      | 3301 ||| IDENTIFYING black potion
  3323 | D:4      | 3323 ||| STAIRDANCE
  3330 | D:4      | Reached XP level 7. HP: 37/41 MP: 11/11
  3373 | D:4      | 3373 ||| Stepping ~*~*~tactically~*~*~ (stealth).
  3375 | D:4      | 3375 ||| Stepping ~*~*~tactically~*~*~ (stealth).
  3418 | D:4      | Reached skill level 8 in Axes
  3456 | D:4      | 3456 ||| Stepping ~*~*~tactically~*~*~ (stealth).
  3471 | D:4      | 3471 ||| Stepping ~*~*~tactically~*~*~ (stealth).
  3473 | D:4      | 3473 ||| Stepping ~*~*~tactically~*~*~ (stealth).
  3520 | D:4      | 3520 ||| FLEEEEING.
  3521 | D:4      | 3521 ||| FLEEEEING.
  3522 | D:4      | 3522 ||| FLEEEEING.
  3523 | D:4      | 3523 ||| FLEEEEING.
  3524 | D:4      | 3524 ||| FLEEEEING.
  3525 | D:4      | 3525 ||| FLEEEEING.
  3526 | D:4      | 3526 ||| FLEEEEING.
  3527 | D:4      | 3527 ||| FLEEEEING.
  3528 | D:4      | 3528 ||| FLEEEEING.
  3529 | D:4      | 3529 ||| FLEEEEING.
  3530 | D:4      | 3530 ||| FLEEEEING.
  3531 | D:4      | 3531 ||| FLEEEEING.
  3532 | D:4      | 3532 ||| FLEEEEING.
  3538 | D:4      | 3538 ||| FLEEEEING.
  3539 | D:4      | 3539 ||| FLEEEEING.
  3540 | D:4      | 3540 ||| FLEEEEING.
  3541 | D:4      | 3541 ||| FLEEEEING.
  3542 | D:4      | 3542 ||| FLEEEEING.
  3543 | D:4      | 3543 ||| FLEEEEING.
  3545 | D:4      | 3545 ||| FLEEEEING.
  3550 | D:4      | 3550 ||| FLEEEEING.
  3551 | D:4      | 3551 ||| FLEEEEING.
  3552 | D:4      | 3552 ||| FLEEEEING.
  3553 | D:4      | 3553 ||| FLEEEEING.
  3554 | D:4      | 3554 ||| STAIRDANCE
  3617 | D:3      | 3617 ||| DRINKING 2 silvery potions.
  3637 | D:4      | 3637 ||| STAIRDANCE
  3768 | D:4      | Reached skill level 9 in Axes
  3809 | D:4      | 3809 ||| DROPPING +0 whip.
  3896 | D:4      | 3896 ||| Stepping ~*~*~tactically~*~*~ (hiding).
  3939 | D:4      | HP: 7/41 [orc priest/divine providence (14)]
  3940 | D:4      | 3940 ||| READING scroll of teleportation.
  3940 | D:4      | HP: 2/41 [orc/+0 club (3)]
  3940 | D:4      | Slain by an orc priest

Levels and vault maps discovered:
D:1:      dpeg_arrival_round_a, layout_basic, serial_shops,
          nicolae_shop_hallway_stairs, dk_noncrumbling_3
D:2:      layout_loops_ring, shapermc_ecumenical_altar_venn, uniq_sigmund
D:3:      layout_rooms, nicolae_hepliaklqana_hippocampus, goddamned_bats,
          uniq_terence, uniq_crazy_yiuf_cottage
D:4:      layout_rooms, grunt_ministairs_1

Skill      XL: |  1  2  3  4  5  6  7 |
---------------+----------------------+-----
Axes           | 3 4 6 7 9 |  9.0
Fighting       | 3 |  3.0
Armour         | 2 |  2.7
Throwing       | |  1.0
Dodging        | |  2.1
Spellcasting   | |  2.0
Translocations | |  2.4

Action                   |  1- 3 |  4- 6 |  7- 9 || total
-------------------------+-------+-------+-------++-------
Melee: Hand axe          |    74 |   145 |    48 ||   267
       Peck              |    14 |    24 |     7 ||    45
       Kick              |    16 |    35 |    15 ||    66
       Punch             |       |     2 |       ||     2
Throw: Boomerang         |     7 |       |       ||     7
  Use: Scroll            |     6 |     8 |     1 ||    15
       Potion            |       |     4 |     1 ||     5
 Stab: Sleeping          |     1 |       |       ||     1
Armor: Leather armour    |     6 |       |       ||     6
       Scale mail        |    11 |    74 |    11 ||    96
Dodge: Dodged            |    37 |    97 |    18 ||   152

Table legend:
 A = Non-vault XP
 B = Vault XP
 C = Vault XP percentage of total XP
 D = Non-vault monster count
 E = Vault monster count
 F = Vault count percentage of total count
                 A         B        C        D         E       F
            +---------+---------+-------+---------+---------+-------
      Total |     733 |     443 |  37.7 |      74 |      24 |  24.5
            +---------+---------+-------+---------+---------+-------
        D:1 |      52 |       0 |   0.0 |      23 |       0 |   0.0
        D:2 |      43 |     250 |  85.3 |      18 |       2 |  10.0
        D:3 |     126 |     178 |  58.6 |      13 |      20 |  60.6
        D:4 |     512 |      15 |   2.8 |      20 |       2 |   9.1
            +---------+---------+-------+---------+---------+-------
